 Dungeon Crawl Stone Soup version 0.17-a0-1830-g81820eb (webtiles) character file.

29060 lordfwahfnah the Blocker (level 13, -8/106 HPs)
             Began as a Formicid Fighter on Sept 13, 2015.
             Was the Champion of Okawaru.
             Mangled by a redback (11 damage)
             ... on level 1 of the Spider Nest on Sept 14, 2015.
             The game lasted 02:18:56 (15201 turns).

lordfwahfnah the Blocker (Formicid Fighter)        Turns: 15201, Time: 02:18:56

Health: -8/106     AC: 23    Str: 25      XL:     13   Next: 78%
Magic:  12/14      EV: 12    Int:  6 (9)  God:    Okawaru [******]
Gold:   563        SH: 22    Dex: 10      Spells: 0 memorised, 12 levels left

rFire  + + .     SeeInvis +     z - +1 executioner's axe of Mysticism {speed, rElec SInv}
rCold  + . .     Clarity  .     y - +2 chain mail {rPois}
rNeg   . . .     SustAt   .     k - +0 large shield
rPois  +         Gourm    .     (helmet unavailable)
rElec  +         Spirit   .     (no cloak)
rCorr  +         Warding  .     h - +1 pair of gloves {archery}
rMut   .         Stasis   +     t - +2 pair of boots "Rebleyra" {rF+ rCorr}
MR     +....                    (no amulet)
Stlth  ..........               v - ring of protection from fire
                                (no ring)

@: lethally poisoned (-8 -> -32), heroism, somewhat resistant to hostile
enchantments, extremely unstealthy
A: permanent stasis, dig shafts and tunnels, four strong arms, antennae 3, cold
resistance 1, shaggy fur 1, MP-powered wands
a: Dig, Shaft Self, Heroism, Renounce Religion


You were on level 1 of the Spider Nest.
You worshipped Okawaru.
Okawaru was exalted by your worship.
You were not hungry.

You visited 3 branches of the dungeon, and saw 16 of its levels.

You collected 1071 gold pieces.
You spent 508 gold pieces at shops.

Inventory:

Hand weapons
 s - a +1 great mace of protection
 z - the +1 executioner's axe of Mysticism (weapon) {speed, rElec SInv}
   (Okawaru gifted it to you on level 1 of the Spider Nest)

   Attacks with this weapon are significantly faster.
   It insulates you from electricity.
   It lets you see invisible.
Armour
 h - a +1 pair of gloves of archery (worn)
 k - a +0 large shield (worn)
 t - the +2 pair of boots "Rebleyra" (worn) {rF+ rCorr}
   (You acquired it on level 1 of the Lair of Beasts)

   It protects you from fire.
   It protects you from acid and corrosion.
 y - a +2 chain mail of poison resistance (worn)
 N - the +0 robe of Lothom {Str+8 Dex-2}
   (You found it on level 9 of the Dungeon)

   It affects your strength (+8).
   It affects your dexterity (-2).
Jewellery
 b - an uncursed ring of teleportation
 f - an uncursed amulet of clarity
 p - an uncursed amulet of resist corrosion
 q - an uncursed ring of invisibility
 u - an uncursed ring of ice
 v - a ring of protection from fire (right hand)
 D - a +5 ring of dexterity
 F - the ring of Sin {SustAt Slay+3}
   (You found it on level 10 of the Dungeon)

   [ring of sustain attributes]

   It sustains your strength, intelligence and dexterity.
   It affects your accuracy and damage with ranged weapons and melee attacks
   (+3).
 U - an uncursed ring of positive energy
 V - a +4 ring of evasion
 W - an uncursed amulet of warding
Magical devices
 Q - a wand of slowing (18)
Scrolls
 c - a scroll of fog {unknown}
 e - a scroll of acquirement
 g - 3 scrolls of identify
 j - 2 scrolls of amnesia
 l - 2 scrolls of recharging
 E - 11 scrolls of remove curse
 H - 4 scrolls of enchant weapon
 I - 7 scrolls of enchant armour
 K - 4 scrolls of magic mapping
 Z - 2 scrolls of fear {unknown}
Potions
 a - a potion of flight
 d - 2 potions of might
 n - 7 potions of curing
 o - a potion of magic
 r - a potion of haste
 w - 4 potions of brilliance
 B - 4 potions of lignification
 C - 5 potions of agility
 O - a potion of cancellation
 S - a potion of ambrosia
Miscellaneous
 M - a lantern of shadows
 X - a fan of gales
Comestibles
 J - 5 bread rations
 P - 4 meat rations
 R - a slice of pizza
 T - a beef jerky


   Skills:
 + Level 11.1(16.1) Fighting
 * Level 3.4(13.5) Axes
 + Level 11.9(17.1) Maces & Flails
 + Level 11.1(16.1) Armour
 + Level 4.3(9.3) Dodging
 + Level 14.0(19.0) Shields
 + Level 1.7 Invocations
 + Level 0.4 Evocations


You had 12 spell levels left.
You didn't know any spells.

Dungeon Overview and Level Annotations

Branches:
Dungeon (11/15)            Temple (0/1) D:7            Lair (3/8) D:11
 Spider (2/4) Lair:3
  Swamp: Lair:3-6    Shoals: Lair:3-6       Orc: D:9-12

Altars:
Ashenzari
Cheibriados
Fedhas
Gozag
Kikubaaqudgha
Nemelex Xobeh
Okawaru
Qazlal
Vehumet
Xom
Zin
The Shining One

Shops:
D:7 ?   D:8 =   D:10 *   D:11 =

Annotations:
D:7 exclusion: oklob sapling


Innate Abilities, Weirdness & Mutations

You are under a permanent stasis effect.
You can dig through walls and to a lower floor.
Your four strong arms can wield two-handed weapons with a shield.
You have a pair of large antennae on your head (SInv).
Your flesh is cold resistant.
You are covered in fur (AC +1).
You expend magic power (3 MP) to strengthen your wands.


Message History

* * * LOW HITPOINT WARNING * * *
You block the tarantella's attack. The redback bites you.
* * * LOW HITPOINT WARNING * * *
You slice the redback like a ripe choko!!!
You kill the redback!
Okawaru accepts your kill.
You hit the tarantella but do no damage.
You closely miss the redback.
* * * LOW HITPOINT WARNING * * *
You feel sick. You block the tarantella's attack.
You block the redback's attack.
You slash the redback!
The redback is heavily wounded.
You closely miss the redback. You closely miss the tarantella.
* * * LOW HITPOINT WARNING * * *
You feel sick. You block the tarantella's attack.
You block the redback's attack.
The redback bites you but does no damage.
You block the tarantella's attack. The redback bites you!
You die...

# ##.#..# #..†.##...## ##
#.....# ###..##....# .##
###>.### #...#..#.# ..###....#
#...#....# #..##..#.##
#......#.# ....#.s...###
###......##
.^#.s..###..####.###.#..#
.##..### #...##s.......##
###### ##..†.s@...#### ##
###†.s.#...## .# ##..#.##".##
### ## #.#^#.#=..####.## .##
##^#....#..#....## ..####
#####...#.#.(..#....# .###.##
##.#..^##..#.#....#..#
.##...####...#..###...#.#.....#
.#..##.#...............#..#.#.#


You could see a tarantella and 2 redbacks.

Vanquished Creatures
  Fannar (Lair:3)
  A hydra (D:11)
  The ghost of emikaela the Carver, a powerful OpFi of Fedhas (Lair:1)
  Sonja (Lair:3)
  An unseen horror (D:8)
  2 hill giants
  A cyclops (D:11)
  3 wolf spiders
  An ugly thing (D:11)
  A black mamba (Lair:3)
  Psyche (D:10)
  A torpor snail (Spider:1)
  A gargoyle (D:11)
  3 komodo dragons
  4 spiny frogs
  7 demonic crawlers (Spider:1)
  5 jumping spiders
  4 boulder beetles
  A trapdoor spider zombie (D:11)
  4 tarantellas (Spider:1)
  2 trapdoor spiders (Spider:1)
  8 redbacks
  23 yaks
  A spriggan (D:9)
  2 deep elf magi
  4 hippogriffs
  3 hungry ghosts
  2 wyverns (D:10)
  A deep elf fighter (D:11)
  2 vampire mosquitoes (Spider:1)
  6 wolves (Lair:3)
  4 sky beasts
  4 water moccasins
  A porcupine (Lair:1)
  7 spiders
  5 orc warriors
  2 crocodiles
  3 black bears
  A wasp (D:9)
  6 phantoms
  3 ice beasts
  7 ogres
  4 big kobolds
  5 centaurs
  8 giant frogs
  A gnoll sergeant (D:9)
  2 brain worms (Spider:2)
  5 scorpions (D:6)
  A wyvern skeleton (D:6)
  13 killer bees
  3 wights (D:8)
  3 crimson imps
  4 hounds
  A jelly (D:8)
  7 orc wizards
  2 giant frog zombies
  5 orc priests
  Ijyb (D:2)
  3 giant frog skeletons
  7 iguanas
  7 worker ants
  3 centaur skeletons
  7 sheep (Lair:2)
  A hound skeleton (D:5)
  2 hound zombies
  A mummy (D:6)
  A worker ant zombie (D:9)
  5 gnolls (D:9)
  2 river rats (D:11)
  21 adders
  4 shadow imps
  An ooze (D:4)
  An adder skeleton (D:4)
  4 worms
  3 giant geckos
  38 orcs
  2 ball pythons
  3 giant cockroaches
  2 goblins
  4 hobgoblins
  17 jackals
  22 kobolds
  A ball python skeleton (D:4)
  29 bats
  A giant gecko skeleton (D:6)
  A giant gecko zombie (D:7)
  4 giant newts
  4 quokkas
  2 quokka zombies
  10 rats
  A bush (Lair:1)
  3 fungi
  A plant (Lair:1)
424 creatures vanquished.

Vanquished Creatures (others)
  A deep elf mage (D:10)
  21 fungi
  27 plants
49 creatures vanquished.

Grand Total: 473 creatures vanquished

Notes
Turn   | Place    | Note
--------------------------------------------------------------
     0 | D:1      | lordfwahfnah the Formicid Fighter began the quest for the Orb.
     0 | D:1      | Reached XP level 1. HP: 18/18 MP: 1/1
    64 | D:1      | Found an iron altar of Okawaru.
    85 | D:1      | Became a worshipper of Warmaster Okawaru
   406 | D:1      | Reached XP level 2. HP: 24/24 MP: 2/2
   594 | D:2      | Reached skill level 4 in Shields
   608 | D:2      | Reached XP level 3. HP: 28/30 MP: 3/3
   770 | D:2      | Noticed Ijyb
   814 | D:2      | Killed Ijyb
   814 | D:2      | Reached XP level 4. HP: 30/37 MP: 4/4
   843 | D:2      | Found a blossoming altar of Fedhas.
  1018 | D:2      | Found a sparkling altar of Nemelex Xobeh.
  1066 | D:2      | Found an opulent altar of Gozag.
  1124 | D:2      | Reached XP level 5. HP: 38/42 MP: 5/5
  1334 | D:3      | Reached skill level 5 in Shields
  1439 | D:3      | Acquired Okawaru's first power
  1753 | D:3      | Found a shimmering altar of Xom.
  2001 | D:3      | Gained mutation: You expend magic power (3 MP) to strengthen your wands. [potion of mutation]
  2001 | D:3      | Gained mutation: Your flesh is cold resistant. [potion of mutation]
  2001 | D:3      | Gained mutation: You are covered in fur (AC +1). [potion of mutation]
  2201 | D:4      | Reached XP level 6. HP: 30/50 MP: 6/6
  2241 | D:4      | Noticed an ogre
  2278 | D:4      | Killed an ogre
  2278 | D:4      | Reached skill level 5 in Fighting
  2325 | D:4      | Noticed an ogre
  2337 | D:4      | Killed an ogre
  2337 | D:4      | Reached skill level 5 in Armour
  2337 | D:4      | Reached XP level 7. HP: 38/56 MP: 7/7
  2381 | D:4      | Reached skill level 6 in Shields
  2531 | D:4      | Found a glowing drain.
  2689 | D:4      | Found a radiant altar of Vehumet.
  2739 | D:4      | Noticed a sky beast
  2768 | D:4      | Killed a sky beast
  3040 | D:4      | Upgraded the game from 0.17-a0-1829-g68572c6 to 0.17-a0-1830-g81820eb
  3073 | D:5      | Entered Level 5 of the Dungeon
  3399 | D:5      | Noticed a hungry ghost
  3426 | D:5      | Killed a hungry ghost
  3426 | D:5      | Reached XP level 8. HP: 61/64 MP: 6/8
  3871 | D:5      | Reached skill level 7 in Shields
  4196 | D:6      | Found a snail-covered altar of Cheibriados.
  4484 | D:6      | Reached XP level 9. HP: 39/71 MP: 9/9
  4681 | D:6      | Found a glowing silver altar of Zin.
  4686 | D:6      | Found a glowing golden altar of the Shining One.
  4787 | D:6      | Reached skill level 5 in Maces & Flails
  5205 | D:6      | Reached skill level 8 in Shields
  6172 | D:7      | Found a staircase to the Ecumenical Temple.
  6343 | D:7      | Found a stormy altar of Qazlal.
  6366 | D:7      | Reached XP level 10. HP: 58/80 MP: 10/10
  6520 | D:7      | Found Zolaolyo's Magic Scroll Shop.
  6536 | D:7      | Bought a scroll of identify for 24 gold pieces
  6536 | D:7      | Bought 3 scrolls of remove curse for 108 gold pieces
  6536 | D:7      | Bought a scroll of identify for 24 gold pieces
  6536 | D:7      | Bought a scroll of enchant weapon for 90 gold pieces
  6536 | D:7      | Bought a scroll of enchant armour for 90 gold pieces
  6536 | D:7      | Bought a scroll of identify for 24 gold pieces
  6536 | D:7      | Bought a scroll of remove curse for 36 gold pieces
  6536 | D:7      | Bought a scroll of identify for 24 gold pieces
  6536 | D:7      | Bought a scroll of magic mapping for 42 gold pieces
  6536 | D:7      | Bought a scroll of identify for 24 gold pieces
  6779 | D:7      | Found a shattered altar of Ashenzari.
  6810 | D:7      | Reached skill level 9 in Shields
  7195 | D:8      | Found Cetosuji's Jewellery Shoppe.
  7274 | D:8      | Noticed an unseen horror
  7295 | D:8      | Killed an unseen horror
  7295 | D:8      | Received a gift from Okawaru
  7866 | D:8      | Found an ancient bone altar of Kikubaaqudgha.
  8025 | D:8      | You fall through a shaft!
  8222 | D:9      | Got a tattered robe
  8269 | D:9      | Identified the +0 robe of Lothom {Str+8 Dex-2} (You found it on level 9 of the Dungeon)
  8337 | D:9      | Acquired Okawaru's second power
  8337 | D:9      | Reached XP level 11. HP: 73/87 MP: 11/11
  8900 | D:9      | Reached skill level 10 in Shields
  9470 | D:10     | Entered Level 10 of the Dungeon
  9551 | D:10     | Received a gift from Okawaru
  9576 | D:10     | Identified a scroll of acquirement
  9598 | D:10     | Noticed Psyche
  9625 | D:10     | Killed Psyche
  9902 | D:10     | Got a heavily runed jade ring
 10123 | D:10     | Found Ataipso's General Store.
 10139 | D:10     | Bought a scroll of identify for 22 gold pieces
 10227 | D:10     | Reached skill level 1 in Dodging
 10405 | D:10     | Noticed a hill giant
 10405 | D:10     | Identified the ring of Sin {SustAt Slay+3} (You found it on level 10 of the Dungeon)
 10421 | D:10     | Killed a hill giant
 10486 | D:10     | Reached skill level 10 in Armour
 10581 | D:11     | Reached skill level 11 in Shields
 10664 | D:11     | Found Ysoachig's Jewellery Shoppe.
 10867 | D:11     | Noticed a hill giant
 10878 | D:11     | Killed a hill giant
 10922 | D:11     | Reached skill level 10 in Maces & Flails
 10931 | D:11     | Found a blossoming altar of Fedhas.
 11078 | D:11     | Noticed a cyclops
 11091 | D:11     | Noticed a brown ugly thing
 11093 | D:11     | Reached XP level 12. HP: 95/97 MP: 9/12
 11099 | D:11     | Killed a cyclops
 11105 | D:11     | Killed a brown ugly thing
 11124 | D:11     | Reached skill level 10 in Fighting
 11226 | D:11     | Noticed a six-headed hydra
 11239 | D:11     | Killed a six-headed hydra
 11239 | D:11     | Reached skill level 12 in Shields
 11244 | D:11     | Found a staircase to the Lair.
 11410 | D:11     | Reached skill level 1 in Invocations
 11505 | Lair:1   | Entered Level 1 of the Lair of Beasts
 11673 | Lair:1   | Got a pair of pitted boots
 11684 | Lair:1   | Identified the +2 pair of boots "Rebleyra" {rF+ rCorr} (You acquired it on level 1 of the Lair of Beasts)
 11788 | Lair:1   | Found a stormy altar of Qazlal.
 11789 | Lair:1   | Noticed emikaela's ghost (powerful OpFi)
 11821 | Lair:1   | Killed emikaela's ghost
 13025 | Lair:3   | Noticed Fannar
 13047 | Lair:3   | Reached XP level 13. HP: 79/104 MP: 14/14
 13097 | Lair:3   | Killed Fannar
 13097 | Lair:3   | Reached skill level 13 in Shields
 13263 | Lair:3   | Noticed Sonja
 13289 | Lair:3   | Killed Sonja
 13379 | Lair:3   | Found a hole to the Spider Nest.
 13395 | Spider:1 | Entered Level 1 of the Spider Nest
 13663 | Spider:1 | Received a gift from Okawaru
 13677 | Spider:1 | Got an ivory executioner's axe {god gift}
 13678 | Spider:1 | Identified the +1 executioner's axe of Mysticism {speed, rElec SInv} (Okawaru gifted it to you on level 1 of the Spider Nest)
 14058 | Spider:1 | Reached skill level 1 in Axes
 15116 | Spider:2 | Reached skill level 14 in Shields
 15200 | Spider:1 | HP: 5/106 [poisoned by a redback]
 15201 | Spider:1 | Mangled by a redback

Vault maps used:
D:1:      dpeg_arrival_short_road, serial_glass, glass_columns_b,
          glass_columns_b, feat_on_display, feat_on_display, item_on_display_a,
          okawaru_ov_weapons_minmay
D:2:      lemuel_round_altar, overflow_temple_1_default,
          nemelex_xobeh_ov_fountains_minmay, bh_walls_and_bars, uniq_iyjb
D:3:      lemuel_doored_altar, first_bread, minmay_misc_feat_roman,
          grunt_ministairs_7
D:4:      lemuel_coloured_pillars_altar, gup_sewer_entry_glass,
          kennysheep_potato
D:6:      old_forge, minitemple, slow_altar_2
D:7:      lemuel_crystal_altar, cheibrodos_ashenzari_chains,
          minmay_temple_entry_oklob, serial_shops, shop,
          kennysheep_generic_room_7
D:8:      kennysheep_mini, serial_shops, shop
D:9:      the_bakery
D:10:     serial_shops, nicolae_shop_waterfront, uniq_psyche
D:11:     grunt_lair_entry_elf_guard_hut, serial_shops, shop_statue,
          fedhas_altar_4
Lair:1:   basic_altar
Lair:3:   nicolae_spider_entry_tight_spaces, serial_bayou_shore_b,
          grunt_megastairs_4, uniq_fannar, uniq_sonja
Spider:1: einodemon_crawler_minivault
Spider:2: spider_trap, hangedman_stitches_earthworm,
          hangedman_spider_tarantella_strand

Action                   |  1- 3 |  4- 6 |  7- 9 | 10-12 | 13-15 || total
-------------------------+-------+-------+-------+-------+-------++-------
Melee: Flail             |    56 |   157 |   598 |   575 |       ||  1386
       Unarmed           |    12 |       |       |       |       ||    12
       Great mace        |       |       |       |   493 |   119 ||   612
       Executioner's axe |       |       |       |       |   169 ||   169
Invok: Heroism           |       |     1 |     6 |    10 |     4 ||    21
 Abil: Dig               |     2 |     1 |       |     5 |     2 ||    10
       Evoke Invisibilit |       |     1 |       |     1 |       ||     2
Evoke: Wand              |       |       |     1 |     3 |       ||     4
  Use: Scroll            |     5 |     9 |     6 |    17 |     1 ||    38
       Potion            |     3 |     4 |     2 |       |     3 ||    12
  Eat: Chunk             |       |     2 |     5 |    25 |     3 ||    35
       Bread ration      |       |     1 |     3 |       |     1 ||     5
       Meat ration       |       |       |     2 |     1 |       ||     3
       Fruit             |       |       |     1 |     1 |     4 ||     6
       Beef jerky        |       |       |       |     3 |       ||     3
